 Dungeon Crawl Stone Soup version 0.20.1-1-g8b1a95d (webtiles) character file.

445 Begomoth the Digger (level 7, -2/36 HPs)
             Began as a Gargoyle Earth Elementalist on July 18, 2017.
             Slain by a gnoll (5 damage)
             ... on level 4 of the Dungeon.
             The game lasted 00:08:32 (3149 turns).

Begomoth the Digger (Gargoyle Earth Elementalist)   Turns: 3149, Time: 00:08:33

Health: -2/36      AC:  4    Str: 12    XL:     7   Next: 3%
Magic:  11/13      EV:  6    Int: 17    God:
Gold:   156        SH:  0    Dex: 10    Spells: 2/14 levels left

rFire    + . .     SeeInvis .   v - +0 scimitar
rCold    + . .     Gourm    .   (no shield)
rNeg     + . .     Faith    .   A - -2 robe (curse)
rPois    ∞         Spirit   .   (no helmet)
rElec    +         Reflect  .   (no cloak)
rCorr    +         Harm     .   (no gloves)
MR       .....                  (no boots)
Stlth    ++........             (no amulet)
Regen    0.2/turn               (no ring)
MPRegen  0.2/turn               (no ring)

@: resistant, held
A: mutation resistance 1, negative energy resistance 1, electricity resistance,
unbreathing, petrification resistance, rot immunity, AC +4
a: no special abilities


You were on level 4 of the Dungeon.
You were not hungry.

You visited 1 branch of the dungeon, and saw 4 of its levels.

You collected 156 gold pieces.

Inventory:

Hand Weapons
 l - a +0 club
 p - a +1 dagger of speed
 u - a cursed -3 club
 v - a +0 scimitar (weapon)
 w - a +1 short sword of speed
 G - a +0 giant club
Missiles
 b - 62 stones (quivered)
Armour
 c - a +0 robe
 t - a +0 leather armour
 A - a cursed -2 robe (worn)
Wands
 H - a wand of disintegration (11/24)
Scrolls
 a - 2 scrolls of teleportation {unknown}
 f - 2 scrolls of recharging {unknown}
 g - 6 scrolls of identify {unknown}
 i - 2 scrolls of magic mapping {unknown}
 k - 2 scrolls of blinking {unknown}
 r - 2 scrolls of enchant armour {unknown}
 x - a scroll of remove curse {unknown}
 y - a scroll of amnesia {unknown}
 C - a scroll of enchant weapon {unknown}
Potions
 h - 2 potions of resistance
 m - 2 potions of agility {unknown}
 n - 2 potions of cancellation {unknown}
 o - 3 potions of mutation
 q - a potion of curing {unknown}
 s - a potion of degeneration {unknown}
 B - a potion of haste {unknown}
 D - a potion of invisibility {unknown}
Books
 e - a book of Geomancy

   Spells                             Type                      Level
   a - Sandblast                      Earth                        1
   b - Passwall                       Transmutation/Earth          2
   c - Stone Arrow                    Conjuration/Earth            3
   d - Petrify                        Transmutation/Earth          4
   e - Lee's Rapid Deconstruction     Earth                        5
 E - a book of Minor Magic

   Spells                             Type                      Level
   a - Magic Dart                     Conjuration                  1
   b - Blink                          Translocation                2
   c - Call Imp                       Summoning                    2
   d - Slow                           Hexes                        2
   e - Conjure Flame                  Conjuration/Fire             3
   f - Mephitic Cloud                 Conjuration/Poison/Air       3
Comestibles
 d - 3 bread rations
 j - 5 fruits
 z - a royal jelly
 F - 6 chunks of flesh


   Skills:
 + Level 0.0 Fighting
 + Level 0.0 Maces & Flails
 + Level 0.0 Armour
 + Level 1.5 Dodging
 - Level 2.1 Stealth
 + Level 4.2 Spellcasting
 + Level 3.8 Conjurations
   Level 0.7 Transmutations
 + Level 6.2 Earth Magic
 + Level 0.0 Evocations


You had 2 spell levels left.
You knew the following spells:

 Your Spells              Type           Power        Failure   Level  Hunger
a - Sandblast             Erth           ###...       1%          1    None
b - Stone Arrow           Conj/Erth      ###...       6%          3    ###....
c - Lee's Rapid Deconstr  Erth           ###.......   32%         5    ######.
d - Conjure Flame         Conj/Fire      ##......     21%         3    ###....


Dungeon Overview and Level Annotations

Branches:
Dungeon (4/15)
 Temple: D:4-7

Altars:

Annotations:
D:4 tschems's ghost, novice HuFi


Innate Abilities, Weirdness & Mutations

You are resistant to torment.
Your stone body is resilient. (AC +4)
You are immune to poison.
You resist negative energy. (rN+)
You are resistant to electric shocks. (rElec)
You can survive without breathing.
You are immune to petrification.
You are immune to rotting.
You are somewhat resistant to further mutation.


Message History

The gnoll throws a throwing net.
The throwing net hits you.
You become entangled in the net!
You see here a throwing net.
You struggle against the net.
The gnoll hits you. The iguana bites you.
Unknown command.
You struggle against the net.
The gnoll hits you. The iguana bites you.
* * * LOW HITPOINT WARNING * * *
It was a potion of mutation.
You feel extremely strange.
You feel genetically stable. The gnoll barely misses you.
You riposte.
You hit the gnoll but do no damage.
The gnoll is almost dead.
The iguana hisses menacingly.
The iguana bites you.
* * * LOW HITPOINT WARNING * * *
The gnoll hits you from afar with a spear.
* * * LOW HITPOINT WARNING * * *
It was a potion of resistance.
You feel protected. The gnoll hits you.
You die...

.# # .##.# ..........###
..... ............#
...... ...........>
...... .........#.. ###.#
# #.##........ ....
#.#.#.##........ ..#
#.#.#.##lg.....# ..# #
#.#.#....@ggg....# ..# #.
#.#.###..#..#.....
..#.#..#.#...............
.[#...........(.#..#.....
.......##...............#
###......................
#......##....#..##.#....#
.........................
.....................


You could see an iguana and 4 gnolls.

Vanquished Creatures
  An ogre (D:4)
  2 phantoms (D:4)
  The ghost of Caractacus the Shield-Bearer, a weakling GrFi (D:3)
  A howler monkey skeleton (D:3)
  4 adders
  An ooze (D:3)
  6 worms
  A dart slug (D:3)
  3 leopard geckos
  5 orcs (D:3)
  5 bats
  6 giant cockroaches
  8 goblins
  11 hobgoblins
  A quokka (D:2)
  4 frilled lizards
  6 kobolds
  7 rats
73 creatures vanquished.

Notes
Turn   | Place    | Note
-------+----------+-------------------------------------------
     0 | D:1      | Begomoth the Gargoyle Earth Elementalist began the quest for the Orb.
     0 | D:1      | Reached XP level 1. HP: 10/10 MP: 3/3
    95 | D:1      | Reached XP level 2. HP: 15/15 MP: 0/5
   377 | D:1      | Reached skill level 4 in Earth Magic
   600 | D:1      | Reached XP level 3. HP: 16/19 MP: 4/7
   611 | D:1      | Learned a level 3 spell: Stone Arrow
  1179 | D:2      | Reached skill level 1 in Conjurations
  1292 | D:2      | Reached XP level 4. HP: 24/24 MP: 4/8
  1788 | D:3      | Noticed Caractacus's ghost (weakling GrFi)
  1999 | D:3      | Reached skill level 5 in Earth Magic
  2249 | D:3      | Killed Caractacus's ghost
  2249 | D:3      | Reached XP level 5. HP: 11/28 MP: 1/10
  2853 | D:4      | Noticed a phantom
  2865 | D:4      | Learned a level 5 spell: Lee's Rapid Deconstruction
  2871 | D:4      | Killed a phantom
  2871 | D:4      | Reached XP level 6. HP: 21/32 MP: 3/11
  2935 | D:4      | Learned a level 3 spell: Conjure Flame
  2947 | D:4      | Reached skill level 6 in Earth Magic
  2968 | D:4      | Noticed tschems's ghost (novice HuFi)
  3082 | D:4      | Noticed a phantom
  3097 | D:4      | Killed a phantom
  3097 | D:4      | Reached XP level 7. HP: 19/36 MP: 7/13
  3148 | D:4      | Gained mutation: You are somewhat resistant to further mutation. [potion of mutation]
  3149 | D:4      | Slain by a gnoll

Skill      XL: |  1  2  3  4  5  6 |
---------------+-------------------+-----
Earth Magic    | 4 5 6 |  6.2
Conjurations   | 1 2 3 |  3.8
Spellcasting   | 3 4 |  4.2
Dodging        | |  1.5
Stealth        | |  2.1
Transmutations | |  0.7

Action                   |  1- 3 |  4- 6 |  7- 9 || total
-------------------------+-------+-------+-------++-------
Melee: Dagger            |    19 |       |       ||    19
       Club              |     8 |       |       ||     8
       Unarmed           |     4 |       |       ||     4
       Scimitar          |     1 |    42 |       ||    43
 Cast: Sandblast         |    48 |    63 |     3 ||   114
  Use: Potion            |       |       |     2 ||     2
  Eat: Chunk             |     1 |     6 |       ||     7
Armor: Robe              |    14 |    26 |       ||    40
Dodge: Dodged            |    32 |    52 |     1 ||    85
       Rpst.: Scimitar   |     2 |    13 |     1 ||    16
